 Dungeon Crawl Stone Soup version 0.27.1-35-g4d5d836560 (console) character file.

Game seed: 15414833306860656606

143 grimtooth the Firebug (level 4, -2/33 HPs)
             Began as a Demigod Fire Elementalist on Dec 25, 2022.
             Asphyxiated
             ... in a sewer.
             The game lasted 00:18:49 (2723 turns).

grimtooth the Firebug (Demigod Fire Elementalist)   Turns: 2723, Time: 00:18:49

Health: -2/33      AC:  3    Str:  9    XL:     4   Next: 76%
Magic:  0/9        EV: 12    Int: 21    God:
Gold:   89         SH:  0    Dex: 14    Spells: 5/6 levels left

rFire    . . .     SeeInvis .   j - +0 dagger
rCold    . . .     Faith    .   (no shield)
rNeg     . . .     Spirit   .   a - +0 robe
rPois    .         Reflect  .   (no helmet)
rElec    .         Harm     .   (no cloak)
rCorr    .         Rampage  .   r - +0 pair of gloves
Will     +....                  (no boots)
Stlth    ++........             (no amulet)
HPRegen  0.11/turn              d - ring of willpower
MPRegen  0.11/turn              (no ring)

@: lethally poisoned (-2 -> -14), very slightly contaminated
A: high mp 1, forlorn
a: no special abilities


You were in a sewer.
You visited 1 branch of the dungeon, and saw 3 of its levels.
You also visited: Sewer.

You collected 89 gold pieces.

Inventory:

Hand Weapons
 j - a +0 dagger (weapon)
Missiles
 h - 29 stones
Armour
 a - a +0 robe (worn)
 r - a +0 pair of gloves (worn)
Jewellery
 d - a ring of willpower (left hand)
Scrolls
 c - a scroll of brand weapon {unknown}
 k - 2 scrolls of magic mapping {unknown}
 m - a scroll of noise {unknown}
 n - 3 scrolls of teleportation {unknown}
 p - a scroll of identify {unknown}
 q - a scroll of fear {unknown}
 t - a scroll of blinking {unknown}
Potions
 b - a potion of invisibility {unknown}
 e - a potion of might {unknown}
 f - 2 potions of lignification {unknown}
 g - a potion of attraction {unknown}
 i - a potion of degeneration {unknown}
 l - a potion of resistance {unknown}
 o - a potion of flight {unknown}
 s - 2 potions of magic {unknown}
 u - a potion of brilliance {unknown}


   Skills:
 - Level 1.7 Dodging
 - Level 1.7 Stealth
 - Level 1.7 Spellcasting
 + Level 3.1 Conjurations
 + Level 4.1 Fire Magic


You had 5 spell levels left.
You knew the following spells:

 Your Spells              Type           Power      Damage    Failure   Level
a - Foxfire               Conj/Fire      68%        2x1d7     3%          1

Your spell library contained the following spells:

 Spells                   Type           Power      Damage    Failure   Level
 Conjure Flame            Conj/Fire      17%        6-21      10%         3
 Inner Flame              Hex/Fire       10%        N/A       19%         3
 Sticky Flame             Conj/Fire      17%        2d4       32%         4
 Fireball                 Conj/Fire      8%         3d6       67%         5


Dungeon Overview and Level Annotations

Branches:
Dungeon (3/15)              Sewer (1/1)

Annotations:
D:2 Sigmund
D:3 Natasha


Innate Abilities, Weirdness & Mutations

Your attributes grow dramatically as you level up.
You have an increased reservoir of magic. (+10% MP)
You shall have no god before yourself.


Message History

The kobold brigand is almost dead.
The kobold brigand hits you with a +0 whip!
* * * LOW HITPOINT WARNING * * *
Casting: Foxfire (safe; 3% risk of failure)
Confirm with . or Enter, or press ? or * to list all spells.
You conjure some foxfire!
The kobold brigand barely misses you.
The foxfire hits the kobold brigand.
The kobold brigand is almost dead.
The foxfire hits the kobold brigand but does no damage.
The kobold brigand is almost dead.
Enter note: - i dont believe it
Press: ? - help, v - describe, . - travel
Here: a kobold brigand, wielding a +0 whip and quivering curare-tipped darts (almost dead)
The floor.
Okay, then.
The kobold brigand throws a curare-tipped dart.
The curare-tipped dart closely misses you.
You aren't carrying any items that you can evoke.
Unknown command.
Press: ? - help, v - describe, . - travel
Here: a kobold brigand, wielding a +0 whip and quivering curare-tipped darts (almost dead)
The floor.
Unknown command.
You enter the shallow water.
Moving in this stuff is going to be slow.
The kobold brigand closely misses you.
Casting: Foxfire (safe; 3% risk of failure)
Confirm with . or Enter, or press ? or * to list all spells.
You miscast Foxfire.
You are very lightly contaminated with residual magic.
Nothing appears to happen.
The kobold brigand closely misses you.
The kobold brigand splashes around in the water.
Press: ? - help, v - describe, . - travel, g - get item
Items here: a +0 whip; a kobold corpse.
The floor.
The kobold brigand throws a curare-tipped dart.
The curare-tipped dart hits you.
You are lethally poisoned!
You have difficulty breathing.
You die...

##...## ##.≈≈##
##≈## ##≈## #≈#
#≈## #≈# #≈≈ #≈#
#≈## ##≈## ##≈##
##...## ##.≈.##
#.....####≈....####
#≈K..≈≈≈≈≈.≈..≈≈≈≈≈
#.....####≈...≈####
##@≈≈## ##...##
##)## ##≈## #.# #≈#
#.# #≈# #.# ##≈##
#≈# ##.≈.## ≈?.
#≈.≈..#### .≈.
#.....≈≈≈≈
#≈.≈..#### ##..≈##
#####


You could see a kobold brigand.

Vanquished Creatures
  2 adders
  2 river rats
  3 worms
  12 dart slugs
  2 bats
  3 endoplasms
  2 giant cockroaches (D:1)
  5 goblins
  6 hobgoblins
  4 jackals (D:3)
  8 kobolds
  5 quokkas
  8 ball pythons
  5 frilled lizards
  7 rats
74 creatures vanquished.

Vanquished Creatures (others)
  222 foxfires
222 creatures vanquished.

Grand Total: 296 creatures vanquished

Notes
Turn   | Place    | Note
-------+----------+-------------------------------------------
     0 | D:1      | grimtooth the Demigod Fire Elementalist began the quest for
                  | the Orb.
     0 | D:1      | Reached XP level 1. HP: 14/14 MP: 5/5
    33 | D:1      | Reached skill level 1 in Conjurations
    93 | D:1      | Reached skill level 3 in Fire Magic
   115 | D:1      | Reached XP level 2. HP: 18/20 MP: 0/7
   705 | D:2      | Noticed Sigmund
  1063 | D:2      | Reached XP level 3. HP: 9/26 MP: 4/8
  1957 | D:3      | Noticed Natasha
  2033 | D:3      | Reached XP level 4. HP: 25/33 MP: 1/9
  2144 | D:3      | Found a glowing drain.
  2180 | D:3      | Reached skill level 4 in Fire Magic
  2275 | Sewer    | Entered a sewer
  2697 | Sewer    | Noticed a kobold brigand
  2715 | Sewer    | HP: 1/33 [kobold brigand (7)]
  2718 | Sewer    | - i dont believe it
  2723 | Sewer    | Asphyxiated

Illustrated notes

##..≈## ##.≈≈## #
#.....####....≈#####
#.≈...≈≈≈≈..∩.≈≈≈≈≈≈
#≈....####≈≈.≈.#####
##...## ##.≈≈## #
##≈## ##≈## #≈# #≈##
#≈# #≈≈ #≈# #≈##
##≈## ##≈## ##.@§##
##.≈.## #
#..K..####≈....#####
#≈≈..≈≈≈≈≈.≈..≈≈≈≈≈≈
#.....####≈...≈#####
##.≈≈## ##...## #
##)## ##≈## #.# #≈#
#.# #≈# #.# ##≈##
#≈# ##.≈.## # ≈?.
#≈.≈..#####


Turn 2718 on Sewer: - i dont believe it

Levels and vault maps discovered:
D:1:      elethiomel_arrival_infinity_welcomes_careful_drivers, layout_rooms
D:2:      layout_loops_ring, shapermc_ecumenical_altar_totnotflames,
          minmay_tall_x, uniq_sigmund
D:3:      kennysheep_slugbush, layout_loops_ring, portal_sewer_entry_a,
          minmay_misc_feat_roman, uniq_natasha, uniq_grinder
Sewer:    sewer_co_15_rooms

Skill      XL: |  1  2  3  4 |
---------------+-------------+-----
Conjurations   | 1 2 3 |  3.1
Fire Magic     | 3 4 |  4.1
Dodging        | |  1.7
Stealth        | |  1.7
Spellcasting   | |  1.7

Action                   |  1- 3 |  4- 6 || total
-------------------------+-------+-------++-------
Melee: Dagger            |     8 |    15 ||    23
 Cast: Foxfire           |    89 |    44 ||   133
Armor: Robe              |     6 |     2 ||     8
Dodge: Dodged            |    44 |    18 ||    62
